 Dungeon Crawl Stone Soup version 0.31-a0-145-g046c7d2549 (webtiles) character file.

Game seed: 8174884928974189268

379727 KimchiStew the Barachian Blade (level 22, -6/219 HPs)
             Began as a Barachi Ice Elementalist on June 6, 2023.
             Was a High Priest of Okawaru.
             Mangled by an orc warlord
             ... wielding a +0 bardiche of venom
              (38 damage)
             ... on level 4 of the Vaults.
             The game lasted 02:43:52 (63730 turns).

KimchiStew the Barachian Blade (BaIE)              Turns: 63730, Time: 02:43:53

Health: -6/219     AC: 32    Str:  6    XL:     22   Next: 86%
Magic:  2/36       EV: 30    Int: 24    God:    Okawaru [*****.]
Gold:   5685       SH:  0    Dex: 18    Spells: 2/41 levels left

rFire   . . .        O - +5 triple sword (holy)
rCold   + . .        (shield currently unavailable)
rNeg    + . .        F - melded +0 troll leather armour of Bosmeypo {rElec rC+ Regen+ rCorr Stlth-}
rPois   ∞            p - +2 hat {Will+}
rElec   +            K - +1 cloak of Starlight {*Dazzle EV+4 Stlth--}
rCorr   .            N - melded +1 pair of gloves of Apathy {rF+ Int+3 Dex+2}
SInv    .            o - melded +0 pair of boots
Will    ++++.        S - amulet of magic regeneration
Stlth   +            d - ring "Loeniuri" {rC+ Will+}
HPRegen 0.56/turn    z - ring "Vosoprux" {EV+5 Int+3}
MPRegen 0.65/turn

%: no passive effects
@: brilliant, statue-form (expiring), very slow
A: slow and powerful, torment resistance 1, boosted hp, amphibious, (slowness
1), strong legs 2, +LOS, horns 1, talons 1, strong-willed 1, screaming 1, weak 2
}: 2/15 runes: decaying, serpentine
a: Hop, End Transformation, Renounce Religion, Heroism, Finesse, Duel


You were on level 4 of the Vaults.
You worshipped Okawaru.
Okawaru was extremely pleased with you.
You were a living statue of rough stone.
You visited 7 branches of the dungeon, and saw 37 of its levels.
You also visited: Ice Cave and Desolation.

You collected 7275 gold pieces.
You spent 1590 gold pieces at shops.

Inventory:

Hand Weapons
 s - the +10 dark maul {heavy}
   (You took it off an ironbound convoker in the Desolation of Salt)
 O - a +5 triple sword of holy wrath (weapon)
Missiles
 l - 7 silver boomerangs
 w - 7 silver javelins
 x - 10 curare-tipped darts
 E - 17 javelins (quivered)
 P - a throwing net
Armour
 o - a +0 pair of boots (melded)
 p - a +2 hat of willpower (worn)
 F - the +0 troll leather armour of Bosmeypo (melded) {rElec rC+ Regen+ rCorr Stlth-}
   (Okawaru gifted it to you on level 2 of the Lair of Beasts)

   rC:        It protects you from cold.
   rElec:     It insulates you from electricity.
   Regen:     It increases your rate of health regeneration.
   rCorr:     It protects you from acid and corrosion.
   Stlth:     It makes you less stealthy.
 K - the +1 cloak of Starlight (worn) {*Dazzle EV+4 Stlth--}
   (You found it in the Desolation of Salt)

   *Dazzle:   It may blind those who miss an attack against the wearer in melee
   combat.
   EV:        It affects your evasion (+4).
   Stlth:     It makes you much less stealthy.
 N - the +1 pair of gloves of Apathy (melded) {rF+ Int+3 Dex+2}
   (You found it on level 3 of the Vaults)

   Int:       It affects your intelligence (+3).
   Dex:       It affects your dexterity (+2).
   rF:        It protects you from fire.
Jewellery
 d - the ring "Loeniuri" (left fist) {rC+ Will+}
   (You took it off a deep elf blademaster on level 3 of the Elven Halls)

   [ring of willpower]

   rC:        It protects you from cold.
   Will:      It increases your willpower.
 i - an amulet of reflection
 r - a +5 ring of evasion
 y - a ring of wizardry
 z - the ring "Vosoprux" (right fist) {EV+5 Int+3}
   (You bought it in a shop on level 2 of the Orcish Mines)

   [ring of evasion]

   EV:        It affects your evasion (+5).
   Int:       It affects your intelligence (+3).
 L - an amulet of regeneration
 S - an amulet of magic regeneration (around neck)
 T - an amulet of the acrobat
 Z - a ring of willpower
Wands
 t - a wand of flame (105)
 I - a wand of paralysis (56)
 J - a wand of mindburst (16)
 R - a wand of roots (48)
 U - a wand of light (18)
Scrolls
 b - 3 scrolls of fear
 c - 4 scrolls of immolation
 f - 8 scrolls of poison
 g - 9 scrolls of teleportation
 j - 4 scrolls of silence
 m - 5 scrolls of enchant armour
 M - 5 scrolls of fog
 X - a scroll of vulnerability
Potions
 a - 2 potions of magic
 e - 2 potions of mutation
 h - a potion of berserk rage {unknown}
 k - 3 potions of haste
 n - 6 potions of brilliance
 q - a potion of attraction
 u - 4 potions of invisibility
 v - a potion of enlightenment
 A - 15 potions of curing
 B - 4 potions of might
 C - 6 potions of cancellation
 Q - 3 potions of lignification
 V - 2 potions of resistance
Miscellaneous
 D - a tin of tremorstones (2/2)
 G - a phial of floods
 H - a lightning rod (4/4)


   Skills:
 + Level 13.2 Fighting
 + Level 21.1 Long Blades
 - Level 16.7 Throwing
 - Level 12.0 Armour
 + Level 14.5 Dodging
 - Level 5.0 Stealth
 - Level 9.3 Shields
 - Level 10.0 Spellcasting
 * Level 9.2 Translocations
 - Level 12.0 Transmutations
 - Level 10.0 Ice Magic
 - Level 12.0 Earth Magic
 - Level 12.0 Invocations
 + Level 6.5 Evocations


You had 2 spell levels left.
You knew the following spells:

 Your Spells              Type           Power      Damage    Failure   Level
a - Manifold Assault      Tloc           71%        N/A       1%          4
b - Frozen Ramparts       Ice            100%       1d16      1%          3
c - Ozocubu's Armour      Ice            74%        N/A       1%          3
d - Lesser Beckoning      Tloc           100%       N/A       1%          2
e - Lee's Rapid Deconstr  Erth           40%        3d20*     1%          5
f - Statue Form           Tmut/Erth      54%        N/A       6%          6
g - Dispersal             Tloc           35%        N/A       19%         6
h - Apportation           Tloc           100%       N/A       1%          1
i - Passwall              Tmut/Erth      67%        N/A       1%          2
j - Passage of Golubria   Tloc           71%        N/A       1%          4
k - Freeze                Ice            100%       1d10      1%          1
l - Blink                 Tloc           100%       N/A       1%          2

Your spell library contained the following spells:

 Spells                   Type           Power      Damage    Failure   Level
 Sandblast                Erth           100%       2d20      1%          1
 Momentum Strike          Conj/Tloc      100%       3d10      1%          2
 Magic Dart               Conj           72%        1d6       5%          1
 Necrotise                Necr           72%        1d7       5%          1
 Cigotuvi's Dreadful Rot  Necr/Pois/Air  36%        N/A       8%          2
 Gell's Gravitas          Tloc           71%        N/A       1%          3
 Hailstorm                Conj/Ice       52%        3d12      1%          3
 Stone Arrow              Conj/Erth      100%       3d13      1%          3
 Teleport Other           Tloc           71%        N/A       1%          3
 Vhi's Electric Charge    Tloc/Air       100%       N/A       2%          3
 Volatile Blastmotes      Fire/Tloc      100%       2d18      2%          3
 Ignite Poison            Fire/Tmut/Pois 46%        N/A       3%          3
 Leda's Liquefaction      Hex/Erth       28%        N/A       4%          4
 Iskenderun's Mystic Bla  Conj/Tloc      50%        2d11      8%          4
 Alistair's Intoxication  Tmut/Pois      38%        N/A       12%         5
 Borgnjor's Vile Clutch   Necr/Erth      28%        N/A       12%         5
 Yara's Violent Unravell  Hex/Tmut       28%        3d12      12%         5
 Dazzling Flash           Conj/Hex       36%        N/A       16%         3
 Inner Flame              Hex/Fire       18%        N/A       16%         3
 Mephitic Cloud           Conj/Pois/Air  18%        N/A       16%         3
 Metabolic Englaciation   Hex/Ice        26%        N/A       19%         5
 Dragon Form              Tmut           40%        N/A       32%         7
 Freezing Cloud           Conj/Ice/Air   20%        6-21      36%         5
 Cause Fear               Hex            9%         N/A       45%         4
 Dispel Undead            Necr           18%        3d11      45%         4
 Flame Wave               Conj/Fire      18%        2d7       45%         4
 Fulminant Prism          Conj/Hex       9%         3d7       45%         4
 Olgreb's Toxic Radiance  Pois           18%        N/A       45%         4
 Sticky Flame             Conj/Fire      18%        2d4       45%         4
 Leda's Unmaking          Conj/Erth      28%        9d5       56%         6
 Arcjolt                  Conj/Air       9%         1d19      82%         5
 Silence                  Hex/Air        9%         N/A       82%         5
 Storm Form               Tmut/Air       28%        N/A       98%         7
 Starburst                Conj/Fire      9%         6d5       100%        6
 Orb of Destruction       Conj           9%         9d6       100%        7
 Discord                  Hex            9%         N/A       100%        8
 Ignition                 Fire           9%         3d5       100%        8
 Lehudib's Crystal Spear  Conj/Erth      28%        10d8      100%        8
 Maxwell's Capacitive Co  Air            9%         ∞         100%        8
 Necromutation            Tmut/Necr      28%        N/A       100%        8
 Summon Small Mammal      Summ           Unusable   N/A       N/A         1
 Call Imp                 Summ           Unusable   N/A       N/A         2
 Animate Armour           Summ/Erth      Unusable   N/A       N/A         4
 Summon Ice Beast         Ice/Summ       Unusable   N/A       N/A         4
 Summon Guardian Golem    Hex/Summ       Unusable   N/A       N/A         3
 Animate Dead             Necr           Unusable   N/A       N/A         4
 Simulacrum               Ice/Necr       Unusable   N/A       N/A         6
 Summon Mana Viper        Hex/Summ       Unusable   N/A       N/A         5
 Death Channel            Necr           Unusable   N/A       N/A         6
 Haunt                    Necr/Summ      Unusable   N/A       N/A         7
 Spellforged Servitor     Conj/Summ      Unusable   N/A       N/A         7
 Infestation              Necr           Unusable   N/A       N/A         8
 Dragon's Call            Summ           Unusable   N/A       N/A         9

Dungeon Overview and Level Annotations

Branches:
Dungeon (15/15)            Temple (0/1) D:4            Lair (5/5) D:10
  Swamp (4/4) Lair:3        Snake (4/4) Lair:3        Slime (0/5) Lair:4
    Orc (2/2) D:12            Elf (3/3) Orc:2        Vaults (4/5) D:13
  Crypt (0/3) Vaults:2     Depths (0/4) D:15          IceCv (visited)
Desolation (visited)

Altars:
Cheibriados
Dithmenos
Elyvilon
Gozag
Kikubaaqudgha
Nemelex Xobeh
Okawaru
Qazlal
Sif Muna
Uskayaw
Vehumet
Zin
Jiyva

Shops:
Orc:2 [=**   Elf:1 ?   Snake:2 :

Portals:
Trove: D:11 (give 4 scrolls of fear)

Annotations:
D:11 Erolcha
Lair:2 exclusion: 2 oklob plants
Snake:1 1 exclusion
Snake:2 exclusion: 3 naga sharpshooters, Vashnia
Elf:2 3 runed translucent doors
Elf:3 3 runed translucent doors, Takeo's ghost, adept MiFi


Innate Abilities, Weirdness & Mutations

You are a living statue of rough stone.
Your actions are slow, but your melee attacks are powerful.
You are resistant to unholy torment.
Your maximum health is greatly increased.
You are immune to poison.
Your equipment is partially melded.
You are amphibious.
((You cover ground slowly.))
You can hop long distances.
You have an extended range of vision and can be seen from far away.
You have a pair of small horns on your head.
You have sharp toenails.
You are strong-willed. (Will+)
You occasionally shout uncontrollably at your foes.
You are very weak. (Str -4)


Message History

Confirm with . or Enter, or press ? or * to list all spells.
You feel a surge of power!
Space momentarily warps into an impossible shape!
You hit the yaktaur but do no damage. You carve the yaktaur like a ham!!!
You kill the yaktaur!
Okawaru accepts your kill.
You closely miss the ironbound frostheart.
The ironbound frostheart calls freezing cold from the walls.
The frost grips you. You resist.
* * * LOW HITPOINT WARNING * * *
The orc warlord closely misses you.
The yaktaur shoots a bolt.
The bolt misses you. The orc warlord barely misses you.
The ironbound frostheart calls freezing cold from the walls.
The frost grips you! You resist.
* * * LOW HITPOINT WARNING * * *
The ironbound frostheart completely misses you.
Casting: Manifold Assault (mildly dangerous; 1% risk of failure)
Confirm with . or Enter, or press ? or * to list all spells.
You feel a surge of power!
Space momentarily warps into an impossible shape!
You slice the orc knight like a ripe choko!!!
You closely miss the ironbound frostheart.
You closely miss the orc knight.
Your transformation is almost over.
The ice encasing you melts away.
The orc warlord hits you with a +0 bardiche of venom!!
* * * LOW HITPOINT WARNING * * *
The ironbound frostheart touches you but does no damage.
You take 33 damage, and have 31/219 hp.
Casting: Manifold Assault (mildly dangerous; 1% risk of failure)
Confirm with . or Enter, or press ? or * to list all spells.
You feel a surge of power!
Space momentarily warps into an impossible shape!
You slice the orc knight!! You slice the ironbound frostheart!!
You kill the ironbound frostheart!
Okawaru accepts your kill.
You barely miss the orc warlord. You slash the orc knight!
The yaktaur unwields a +0 arbalest.
The yaktaur barely misses you.
The orc warlord hits you with a +0 bardiche of venom!!!
You die...

,,,,,* #.<.# ,,,,,* #...#
**+*********####'#'#
*,,,*,,,*,,,'.....###***********
*,,,*,,,*,,,#.....#.#,*,*,*,*,*,
*,,,**,**,,,#..oo.'.,,,,,,,,,,,,
****,,,,,***#).o..#,*,*,*,*,*,*,
*,,*,,,,,*,,#poc[)#*************
*,,,,,,,,,,,*##8################
*,,*,,,,,*,,*#..................
****,,,,,****#..................
*,,,**,**,,,*#..................
*,,,*,,,*,,,*#..................
*,,,*,,,*,,,*#..................
*****#######*#.....#####'#######
#.....# #....)# #........#.
##.....###.....# #........#.


You could see an orc warlord (strong), 3 orc knights, an ironbound frostheart
and a yaktaur.

Vanquished Creatures
  A dread lich (Vaults:4)
  Sojobo (Vaults:2)
  Bai Suzhen (Vaults:4)
  Saint Roka (Orc:2)
  Nikola (Swamp:1)
  A bone dragon (Vaults:2)
  3 tentacled monstrosities (Vaults:1)
  2 deep elf blademasters
  Asterion (Vaults:2)
  2 deep elf master archers (Elf:3)
  An ancient champion (Vaults:2)
  The ghost of Kejiv the Protected, an adept AtNe of Dithmenos (Vaults:1)
  A sphinx (Vaults:4)
  Gastronok (Lair:3)
  Frances (Swamp:1)
  Kirke (Lair:5)
  2 thorn hunters (Swamp:4)
  2 tengu reavers (Vaults:2)
  8 fenstrider witches
  Donald (Vaults:3)
  A draconian knight (Vaults:2)
  4 nagarajas (Snake:4)
  6 vault wardens
  Aizul (Snake:3)
  A fire giant (Vaults:4)
  2 imperial myrmidons (Desolation)
  4 deep elf sorcerers
  4 deep elf elementalists (Elf:3)
  3 cacodemons (Vaults:1)
  14 ironbound preservers
  A spriggan defender (Vaults:2)
  4 war gargoyles
  2 formless jellyfish
  4 ironbound thunderhulks
  6 very ugly things
  7 deep elf demonologists
  5 deep elf annihilators (Elf:3)
  11 dire elephants
  4 bunyips
  A halazid warlock (Desolation)
  7 eleionomae
  6 deep elf death magi (Elf:3)
  5 crystal guardians
  2 green deaths (Swamp:4)
  2 fire dragons
  4 great orbs of eyes
  2 entropy weavers (Vaults:1)
  2 blizzard demons (IceCv)
  5 ragged hierophants (Desolation)
  2 deep elf high priests (Elf:3)
  8 yaktaur captains
  2 caustic shrike simulacra (IceCv)
  10 hydras
  4 vault guards
  2 shambling mangroves
  12 peacekeepers
  12 servants of whispers
  2 spriggan air magi (Swamp:4)
  2 salamander tyrants (Snake:4)
  An ogre mage (Swamp:4)
  An ice dragon (Elf:2)
  3 ghost crabs
  A rakshasa (D:15)
  8 two-headed ogres
  9 anacondas
  5 ironbound frosthearts
  16 centaur warriors
  3 boulder beetles
  9 alligators
  14 naga warriors
  7 death yaks
  13 dancing weapons
  5 orc high priests
  2 tengu warriors (D:13)
  11 shock serpents
  A spriggan berserker (Swamp:4)
  5 naga sharpshooters
  Nergalle (D:10)
  A soul eater (Swamp:4)
  6 deep elf knights
  A fire crab (shapeshifter) (Vaults:1)
  A sixfirhy (Swamp:4)
  7 skeletal warriors
  4 salamander mystics (Snake:4)
  3 goliath frogs
  A bunyip zombie (Swamp:4)
  37 deep trolls
  3 glowing orange brains
  11 naga ritualists
  An obsidian statue (IceCv)
  6 spriggan druids
  7 deep elf archers
  A glowing orange brain (shapeshifter) (D:15)
  9 bog bodies
  7 swamp dragons
  10 ironbound convokers
  11 lindwurms
  10 wizards
  8 spriggan simulacra (IceCv)
  7 harpies
  A tengu zombie (Vaults:3)
  4 necromancers
  8 orc knights
  10 mana vipers
  16 deep elf zephyrmancers
  A salamander (shapeshifter) (Vaults:1)
  25 ugly things
  16 deep elf pyromancers
  7 orc sorcerers
  15 salamanders
  5 cyclopes
  10 will-o-the-wisps
  4 manticores
  8 guardian serpents
  12 vault sentinels
  6 elephants (Lair:5)
  22 naga magi
  52 black mambas
  A guardian serpent (shapeshifter) (Vaults:1)
  2 molten gargoyles (Desolation)
  2 gargoyles
  12 cane toads
  A torpor snail (Lair:5)
  A komodo dragon (shapeshifter) (Elf:3)
  2 unseen horrors (D:12)
  11 rime drakes
  2 kobold demonologists
  4 freezing wraiths
  4 unseen horror zombies (D:9)
  An anaconda simulacrum (IceCv)
  11 komodo dragons
  11 ice devils (IceCv)
  30 yaktaurs
  13 trolls
  A hellwing (Swamp:4)
  3 meliai (D:14)
  A troll (shapeshifter) (D:13)
  3 tyrant leeches
  A wind drake (shapeshifter) (Vaults:1)
  18 hornets
  A bloated husk (Swamp:1)
  10 polar bears
  64 saltlings
  5 raiju (Lair:5)
  5 blink frogs (Lair:5)
  An alligator zombie (Swamp:4)
  A fire giant simulacrum (Vaults:2)
  10 spriggans
  18 slime creatures
  A vampire (D:11)
  3 air elementals
  4 water elementals
  4 wraiths
  4 wyverns
  3 fire elementals
  6 hogs (Lair:5)
  A dire elephant simulacrum (IceCv)
  A steam dragon (D:7)
  5 basilisks
  29 yaks
  A human (shapeshifter) (Vaults:1)
  2 humans
  10 redbacks
  12 vampire mosquitoes
  7 minotaur simulacra (IceCv)
  A chaos spawn (Swamp:4)
  A yaktaur simulacrum (Vaults:3)
  2 neqoxecs (Swamp:4)
  13 swamp worms
  9 wargs
  2 glowing shapeshifter zombies (Vaults:3)
  51 nagas
  An ogre zombie (Vaults:3)
  2 acid dragons
  3 hydra simulacra
  15 water moccasins
  A human skeleton (Vaults:3)
  12 hell hounds (Lair:5)
  4 swamp drakes
  50 orc warriors
  4 ettin simulacra (IceCv)
  2 swamp dragon zombies (Swamp:4)
  14 black bears
  A sky beast (D:7)
  12 ogres
  2 alligator simulacra
  7 boggarts
  28 wolves
  9 centaurs
  Blork the orc (D:4)
  6 kobold brigands
  12 bullfrogs
  4 earth elementals
  3 scorpions
  A gnoll sergeant (D:7)
  5 deep troll simulacra (IceCv)
  A glowing shapeshifter simulacrum (Vaults:2)
  A human simulacrum (Vaults:3)
  11 wights
  12 killer bees
  2 lindwurm simulacra (IceCv)
  6 electric eels
  10 howler monkeys
  3 centaur zombies (D:9)
  9 hounds
  A gnoll bouda (D:6)
  6 human zombies
  33 orc priests
  6 iguanas
  26 orc wizards
  6 hell rats (Lair:2)
  2 mummies (D:9)
  2 howler monkey zombies (D:9)
  7 adders
  16 gnolls
  3 white imps
  2 ufetubi
  3 worms
  2 dart slugs
  95 orcs
  A ball python (shapeshifter) (Vaults:1)
  5 endoplasms
  2 giant cockroaches
  5 goblins
  9 hobgoblins
  10 jackals
  A quokka (D:1)
  11 ball pythons
  3 bats
  2 frilled lizards (D:3)
  31 kobolds
  4 rats
  A spectral weapon (Vaults:2)
1669 creatures vanquished.

Vanquished Creatures (others)
  A tengu reaver (Vaults:2)
  2 deep elf elementalists (Elf:3)
  A deep elf high priest (Elf:3)
  A spriggan druid (Swamp:2)
  A wizard (Swamp:4)
  A harpy (Vaults:2)
  2 deep elf pyromancers
  An orc sorcerer (Swamp:4)
  A deep elf zephyrmancer (Elf:2)
  A will-o-the-wisp (Swamp:4)
  6 bloated husks
  A boggart (D:14)
  65 foxfires
  9 spectral weapons
93 creatures vanquished.

Grand Total: 1762 creatures vanquished

Notes
Turn   | Place    | Note
-------+----------+-------------------------------------------
     0 | D:1      | KimchiStew the Barachi Ice Elementalist began the quest for
                  | the Orb.
     0 | D:1      | Reached XP level 1. HP: 13/13 MP: 3/3
   426 | D:1      | Found a faded altar of an unknown god.
   433 | D:1      | Reached skill level 5 in Ice Magic
   502 | D:1      | Reached XP level 2. HP: 20/20 MP: 3/5
   749 | D:2      | Reached skill level 1 in Fighting
   936 | D:2      | Reached XP level 3. HP: 13/26 MP: 1/6
   991 | D:2      | Learned a level 3 spell: Frozen Ramparts
  1543 | D:2      | Learned a level 3 spell: Ozocubu's Armour
  2011 | D:3      | Reached XP level 4. HP: 31/32 MP: 4/8
  2746 | D:3      | Reached XP level 5. HP: 37/37 MP: 9/9
  2947 | D:4      | Noticed Blork the orc
  3049 | D:4      | Found a sparkling altar of Nemelex Xobeh.
  3119 | D:4      | Killed Blork the orc
  3120 | D:4      | Reached skill level 1 in Throwing
  3311 | D:4      | Found a shadowy altar of Dithmenos.
  3345 | D:4      | Reached XP level 6. HP: 44/44 MP: 0/11
  3564 | D:4      | Found an opulent altar of Gozag.
  3619 | D:4      | Found an iron altar of Okawaru.
  3635 | D:4      | Became a worshipper of Warmaster Okawaru
  3733 | D:4      | Found a staircase to the Ecumenical Temple.
  4182 | D:4      | Found a snail-covered altar of Cheibriados.
  4918 | D:5      | Entered Level 5 of the Dungeon
  4918 | D:5      | You fall into a shaft and drop 2 floors!
  5058 | D:6      | Reached skill level 1 in Long Blades
  5058 | D:6      | Reached XP level 7. HP: 52/52 MP: 3/12
  5142 | D:6      | Reached * piety under Okawaru
  5247 | D:6      | Reached skill level 2 in Long Blades
  5604 | D:5      | Reached skill level 3 in Long Blades
  5604 | D:5      | Reached XP level 8. HP: 60/60 MP: 5/14
  6316 | D:6      | Reached skill level 5 in Fighting
  6316 | D:6      | Reached skill level 4 in Long Blades
  6645 | D:6      | Learned a level 1 spell: Apportation
  6783 | D:6      | Found a radiant altar of Vehumet.
  6884 | D:6      | Found a white marble altar of Elyvilon.
  7101 | D:6      | Found a glowing silver altar of Zin.
  7277 | D:7      | Noticed a troll
  7282 | D:7      | Reached skill level 1 in Evocations
  7285 | D:7      | Killed a troll
  7285 | D:7      | Reached ** piety under Okawaru
  7286 | D:7      | Reached skill level 5 in Long Blades
  7390 | D:7      | Reached XP level 9. HP: 58/71 MP: 15/15
  7399 | D:7      | Reached skill level 6 in Long Blades
  7650 | D:7      | Reached skill level 7 in Long Blades
  7973 | D:7      | Reached *** piety under Okawaru
  8226 | D:8      | Reached skill level 8 in Long Blades
  8332 | D:6      | Found a glowing silver altar of Zin.
  8398 | D:6      | Found a white marble altar of Elyvilon.
  9060 | D:8      | Noticed a two-headed ogre
  9117 | D:8      | Reached skill level 10 in Fighting
  9139 | D:8      | Reached skill level 1 in Armour
  9185 | D:8      | Reached XP level 10. HP: 83/85 MP: 16/16
  9344 | D:8      | Reached skill level 9 in Long Blades
  9489 | D:8      | Killed a two-headed ogre
  9489 | D:8      | Reached **** piety under Okawaru
  9531 | D:8      | Reached skill level 10 in Long Blades
 10113 | D:9      | Found an ancient bone altar of Kikubaaqudgha.
 10158 | D:9      | Reached skill level 11 in Long Blades
 10158 | D:9      | Reached skill level 5 in Armour
 10229 | D:9      | Reached ***** piety under Okawaru
 10299 | D:9      | Noticed a two-headed ogre
 10311 | D:9      | Killed a two-headed ogre
 10312 | D:9      | Reached skill level 12 in Long Blades
 10312 | D:9      | Reached XP level 11. HP: 90/90 MP: 17/17
 10550 | D:9      | Learned a level 5 spell: Lee's Rapid Deconstruction
 10634 | D:9      | Reached skill level 13 in Long Blades
 10664 | D:9      | Found a shimmering blue altar of Sif Muna.
 10782 | D:9      | Found a hide-covered altar of Uskayaw.
 10937 | D:10     | Entered Level 10 of the Dungeon
 10948 | D:10     | Identified the +0 chain mail of Hotakod {rPois rN+ Regen+
                  | Stlth-} (Okawaru gifted it to you on level 10 of the
                  | Dungeon)
 10948 | D:10     | Received a gift from Okawaru
 11354 | D:10     | Noticed Nergalle
 11378 | D:10     | Killed Nergalle
 11506 | D:10     | Reached skill level 14 in Long Blades
 11722 | D:10     | Found a staircase to the Lair.
 12023 | D:11     | Noticed a brown ugly thing
 12465 | D:11     | Noticed a brown ugly thing
 12481 | D:11     | Killed a purple ugly thing
 12482 | D:11     | Reached skill level 10 in Armour
 12485 | D:11     | Killed a brown ugly thing
 12675 | D:11     | Noticed Erolcha
 13299 | D:11     | Found a portal to a secret trove of treasure.
 13497 | Lair:1   | Entered Level 1 of the Lair of Beasts
 13505 | Lair:1   | Reached XP level 12. HP: 96/97 MP: 18/18
 13697 | Lair:1   | Received a gift from Okawaru
 13920 | Lair:1   | Identified the +1 leather armour of the Catfish {Int+5}
 14255 | Lair:1   | Reached skill level 1 in Invocations
 14283 | Lair:1   | Reached skill level 1 in Translocations
 15255 | Lair:2   | Identified the +0 troll leather armour of Bosmeypo {rElec
                  | rC+ Regen+ rCorr Stlth-} (Okawaru gifted it to you on level
                  | 2 of the Lair of Beasts)
 15255 | Lair:2   | Received a gift from Okawaru
 15364 | Lair:2   | Noticed an eight-headed hydra
 15378 | Lair:2   | Killed an eight-headed hydra
 15420 | Lair:2   | Learned a level 6 spell: Leda's Unmaking
 15930 | Lair:3   | Noticed a death yak
 15930 | Lair:3   | Noticed a death yak
 15930 | Lair:3   | Noticed a death yak
 15931 | Lair:3   | Noticed a death yak
 15981 | Lair:2   | Killed a death yak
 16022 | Lair:2   | Killed a death yak
 16104 | Lair:2   | Killed a death yak
 16146 | Lair:2   | Killed a death yak
 16147 | Lair:2   | Reached skill level 5 in Spellcasting
 16179 | Lair:3   | Noticed an eight-headed hydra
 16195 | Lair:3   | Killed an eight-headed hydra
 16328 | Lair:3   | Gained mutation: You can hop long distances. [Barachi
                  | growth]
 16328 | Lair:3   | Reached XP level 13. HP: 103/103 MP: 13/20
 16388 | Lair:3   | Noticed Sonja
 16396 | Lair:3   | Sonja changed into Sonja the two-headed ogre
 16396 | Lair:3   | Noticed Sonja
 16399 | Lair:3   | Killed Sonja the two-headed ogre
 16399 | Lair:3   | Reached ****** piety under Okawaru
 16562 | Lair:3   | Noticed Gastronok
 16594 | Lair:3   | Killed Gastronok
 16595 | Lair:3   | Reached skill level 5 in Evocations
 16694 | Lair:3   | Found a staircase to the Swamp.
 16941 | Lair:3   | Reached skill level 5 in Invocations
 17017 | Lair:3   | Received a gift from Okawaru
 17139 | Lair:3   | Reached skill level 5 in Dodging
 17183 | Lair:3   | Identified the +1 robe of the Worm {Will++ SInv}
 17438 | Lair:3   | Found a staircase to the Snake Pit.
 17963 | Lair:4   | Found a staircase to the Slime Pits.
 17966 | Lair:4   | Found a viscous altar of Jiyva.
 18396 | Lair:5   | Entered Level 5 of the Lair of Beasts
 18421 | Lair:5   | Noticed Kirke
 18442 | Lair:5   | Noticed a sphinx
 18451 | Lair:5   | Killed Kirke
 18620 | Lair:5   | Reached skill level 10 in Ice Magic
 19155 | Lair:5   | Reached XP level 14. HP: 95/110 MP: 8/24
 19170 | Lair:5   | Identified the +0 plate armour "Uxkebo" {-Cast Fly Will+}
                  | (Okawaru gifted it to you on level 5 of the Lair of Beasts)
 19170 | Lair:5   | Received a gift from Okawaru
 19887 | Lair:5   | Identified a scroll of acquirement
 19887 | Lair:5   | Acquired 858 gold pieces
 21306 | D:12     | Received a gift from Okawaru
 21556 | D:12     | Reached skill level 10 in Invocations
 21594 | D:12     | Found a staircase to the Orcish Mines.
 22765 | Orc:1    | Entered Level 1 of the Orcish Mines
 22787 | Orc:1    | Reached skill level 10 in Dodging
 23366 | Orc:2    | Entered Level 2 of the Orcish Mines
 23396 | Orc:1    | Reached XP level 15. HP: 85/115 MP: 22/27
 23730 | Orc:2    | Found Rilapn's Jewellery Shoppe.
 23744 | Orc:2    | Received a gift from Okawaru
 23793 | Orc:2    | Found Wopnyef's Armour Emporium.
 23808 | Orc:2    | Reached skill level 5 in Throwing
 23894 | Orc:2    | Gained mutation: Your body sometimes deteriorates upon
                  | taking damage. [a neqoxec]
 23900 | Orc:2    | Identified the +1 buckler of Grace {rElec Will+} (Okawaru
                  | gifted it to you on level 2 of the Orcish Mines)
 23900 | Orc:2    | Received a gift from Okawaru
 24088 | Orc:2    | Lost mutation: Your body sometimes deteriorates upon taking
                  | damage. [potion of mutation]
 24088 | Orc:2    | Gained mutation: You are agile. (Dex +4, Str/Int -1)
                  | [potion of mutation]
 24088 | Orc:2    | Gained mutation: You are partially covered in iridescent
                  | scales. (AC +2) [potion of mutation]
 24088 | Orc:2    | Gained mutation: Your mind is acute. (Int +4, Str/Dex -1)
                  | [potion of mutation]
 24088 | Orc:2    | Gained mutation: You have very sharp teeth. [potion of
                  | mutation]
 24740 | Orc:2    | Found a staircase to the Elven Halls.
 25320 | Orc:2    | Noticed Saint Roka
 25409 | Orc:2    | Killed Saint Roka
 25577 | Orc:2    | Found Ojofysiz's General Store.
 25633 | Orc:2    | Bought a potion of cancellation for 120 gold pieces
 25633 | Orc:2    | Bought a potion of might for 60 gold pieces
 25639 | Orc:2    | Bought a scroll of magic mapping for 112 gold pieces
 25905 | Orc:2    | Found Walobiko's General Store.
 26447 | D:13     | Found a gate to the Vaults.
 26944 | D:14     | Received a gift from Okawaru
 27352 | D:15     | Entered Level 15 of the Dungeon
 27421 | D:14     | Received a gift from Okawaru
 27452 | D:14     | Learned a level 6 spell: Statue Form
 27567 | D:14     | Reached skill level 1 in Transmutations
 27570 | D:14     | Reached skill level 1 in Earth Magic
 27740 | D:14     | Reached XP level 16. HP: 122/127 MP: 22/28
 29120 | D:15     | Received a gift from Okawaru
 29125 | D:15     | Found a staircase to the Depths.
 29375 | Snake:1  | Entered Level 1 of the Snake Pit
 29816 | Snake:1  | Received a gift from Okawaru
 30728 | Snake:2  | Noticed Vashnia
 30856 | Snake:2  | Reached skill level 5 in Transmutations
 30959 | Snake:2  | Found Haduf's Book Shop.
 30964 | Snake:2  | Bought a book of Displacement for 286 gold pieces
 30967 | Snake:2  | Learned a level 2 spell: Lesser Beckoning
 30970 | Snake:2  | Learned a level 2 spell: Passwall
 32246 | Snake:3  | Reached skill level 5 in Earth Magic
 32426 | Snake:3  | Received a gift from Okawaru
 32446 | Snake:3  | Noticed Aizul
 32494 | Snake:3  | Killed Aizul
 32707 | Snake:3  | Reached XP level 17. HP: 133/133 MP: 26/30
 32738 | Snake:3  | Received a gift from Okawaru
 33077 | Snake:3  | Received a gift from Okawaru
 33156 | Snake:3  | Reached skill level 5 in Stealth
 33403 | Snake:3  | Reached skill level 15 in Long Blades
 33772 | Snake:4  | Entered Level 4 of the Snake Pit
 35144 | Snake:4  | Received a gift from Okawaru
 35424 | Snake:4  | Received a gift from Okawaru
 35648 | Snake:4  | Identified the +1 plate armour of the Barracuda {+Inv}
                  | (Okawaru gifted it to you on level 4 of the Snake Pit)
 35648 | Snake:4  | Received a gift from Okawaru
 36558 | Snake:4  | Got a serpentine rune of Zot
 36593 | Snake:4  | Reached XP level 18. HP: 128/140 MP: 31/31
 37089 | Vaults:1 | Entered Level 1 of the Vaults
 37135 | Vaults:1 | Found a runed translucent gate.
 37135 | Vaults:1 | Found a runed translucent gate.
 37135 | Vaults:1 | Found a runed translucent gate.
 37135 | Vaults:1 | Noticed a tentacled monstrosity
 37135 | Vaults:1 | Noticed a tentacled monstrosity
 37136 | Vaults:1 | Noticed a tentacled monstrosity
 37170 | Vaults:1 | Reached skill level 10 in Throwing
 37181 | Vaults:1 | Reached skill level 10 in Spellcasting
 38090 | Elf:1    | Entered Level 1 of the Elven Halls
 38214 | Arena    | Entered the Arena
 38256 | Elf:1    | Received a gift from Okawaru
 38434 | Elf:1    | Paralysed by an air elemental for 1 turns
 38593 | Elf:1    | Reached skill level 10 in Transmutations
 38980 | Elf:1    | Found Cast's Magic Scroll Boutique.
 38983 | Elf:1    | Bought a scroll of teleportation for 45 gold pieces
 38983 | Elf:1    | Bought a scroll of teleportation for 45 gold pieces
 38983 | Elf:1    | Bought a scroll of blinking for 112 gold pieces
 38983 | Elf:1    | Bought a scroll of immolation for 60 gold pieces
 38983 | Elf:1    | Bought a scroll of vulnerability for 60 gold pieces
 39252 | Elf:3    | Entered Level 3 of the Elven Halls
 39352 | Elf:2    | Reached skill level 16 in Long Blades
 39578 | Elf:2    | Found a frozen archway.
 39612 | IceCv    | Entered an ice cave
 39647 | IceCv    | Received a gift from Okawaru
 40266 | IceCv    | Reached skill level 10 in Earth Magic
 41661 | IceCv    | Received a gift from Okawaru
 41714 | IceCv    | Found the +8 longbow "Zephyr" {speed, Dex+3 SInv}
 42218 | Elf:2    | Identified the +2 pair of gloves "Hosch" {Rampage +Inv}
                  | (Okawaru gifted it to you on level 2 of the Elven Halls)
 42218 | Elf:2    | Received a gift from Okawaru
 42392 | Elf:2    | Found a runed translucent gate.
 42392 | Elf:2    | Found a runed translucent gate.
 42392 | Elf:2    | Found a runed translucent gate.
 42771 | Elf:3    | Reached XP level 19. HP: 126/146 MP: 20/33
 43072 | Elf:3    | Found a runed translucent gate.
 43073 | Elf:3    | Found a runed translucent gate.
 43074 | Elf:3    | Found a runed translucent gate.
 43078 | Elf:3    | Found a viscous altar of Jiyva.
 43078 | Elf:3    | Noticed Takeo's ghost (adept MiFi)
 43917 | Arena    | Entered the Arena
 44195 | Elf:3    | Paralysed by an air elemental for 1 turns
 44587 | Elf:3    | Gained mutation: You have supernaturally acute eyesight.
                  | (SInv) [mutagenic glow]
 44590 | Elf:3    | Noticed an Ice Fiend
 44647 | Elf:3    | Identified the +3 scimitar of the Puffin {freeze, rN+
                  | Str+2}
 44665 | Elf:3    | Identified the +1 short sword "Guez" {heavy, +Blink}
 44678 | Elf:3    | Identified the +5 scale mail "Rexkat" {rF++ Int+5 Dex-3}
 44678 | Elf:3    | Identified the ring "Loeniuri" {rC+ Will+}
 44684 | Elf:3    | Identified the +7 halberd of Entrepreneurial Spirit
                  | {freeze, *Slow rElec Will+ Int+3}
 45402 | Elf:3    | Identified the +0 rapier "Emahat" {holy, rC+}
 45595 | Elf:3    | Identified the staff of earth "Othinn" {Dex+4}
 45622 | Elf:3    | Got Advanced Willworking
 45760 | Elf:3    | Got Sif Muna's Volume of Ill-fated Gloom
 46261 | Swamp:1  | Entered Level 1 of the Swamp
 46284 | Swamp:1  | Received a gift from Okawaru
 46398 | Swamp:1  | Noticed Nikola
 46423 | Swamp:1  | Killed Nikola
 46731 | Orc:2    | Bought the ring "Vosoprux" {EV+5 Int+3} for 690 gold pieces
 46957 | Swamp:1  | Noticed Frances
 46978 | Swamp:1  | HP: 4/189 [sun demon[Frances] (9)]
 47173 | Swamp:1  | Got Roxanne's Compilation of the Tektite
 47249 | Swamp:1  | Killed Frances
 47532 | Swamp:1  | Found a stormy altar of Qazlal.
 47591 | Swamp:1  | Received a gift from Okawaru
 48045 | Swamp:2  | Reached skill level 17 in Long Blades
 48062 | Swamp:2  | Received a gift from Okawaru
 48729 | Swamp:3  | Identified the +3 ring mail "Mystriel" {Fly rN+ rCorr
                  | Dex-3} (Okawaru gifted it to you on level 3 of the Swamp)
 48729 | Swamp:3  | Received a gift from Okawaru
 49155 | Swamp:3  | Reached XP level 20. HP: 153/153 MP: 29/34
 49237 | Swamp:3  | Reached skill level 18 in Long Blades
 49546 | Swamp:3  | Found a runed translucent door.
 49923 | Swamp:4  | Entered Level 4 of the Swamp
 50568 | Swamp:4  | Gained mutation: You have hidden genetic defects. [a
                  | neqoxec]
 50586 | Swamp:4  | Reached skill level 19 in Long Blades
 51068 | Arena    | Entered the Arena
 51335 | Swamp:4  | Learned a level 4 spell: Passage of Golubria
 51467 | Swamp:4  | Reached skill level 20 in Long Blades
 51468 | Swamp:4  | Gained mutation: Your body sometimes deteriorates upon
                  | taking damage. [hidden defects]
 51623 | Swamp:4  | Got a decaying rune of Zot
 52237 | D:13     | Identified the +0 pair of gloves of Slovenliness {Str+2}
                  | (Okawaru gifted it to you on level 13 of the Dungeon)
 52237 | D:13     | Received a gift from Okawaru
 52699 | Vaults:1 | Gained mutation: You are frail. (-10% HP) [a cacodemon]
 52704 | Vaults:1 | Reached skill level 1 in Shields
 52804 | Vaults:1 | Gained mutation: Your magical capacity is low. (-10% MP)
                  | [hidden defects]
 52804 | Vaults:1 | Lost mutation: You have hidden genetic defects. [hidden
                  | defects expressed]
 53536 | Vaults:1 | Identified the +2 chain mail "Dycvotzi" {rF+ Dex+3}
 53810 | Vaults:1 | Lost mutation: You are agile. (Dex +4, Str/Int -1) [potion
                  | of mutation]
 53810 | Vaults:1 | Lost mutation: You have supernaturally acute eyesight.
                  | (SInv) [potion of mutation]
 53811 | Vaults:1 | Lost mutation: You have very sharp teeth. [potion of
                  | mutation]
 53811 | Vaults:1 | Lost mutation: You are frail. (-10% HP) [potion of
                  | mutation]
 53811 | Vaults:1 | Gained mutation: You have a pair of small horns on your
                  | head. [potion of mutation]
 53811 | Vaults:1 | Gained mutation: You have a pair of horns on your head.
                  | [potion of mutation]
 53812 | Vaults:1 | Lost mutation: Your mind is acute. (Int +4, Str/Dex -1)
                  | [potion of mutation]
 53812 | Vaults:1 | Lost mutation: You have a pair of horns on your head.
                  | [potion of mutation]
 53812 | Vaults:1 | Lost mutation: Your magical capacity is low. (-10% MP)
                  | [potion of mutation]
 53812 | Vaults:1 | Gained mutation: You possess an exceptional clarity of
                  | mind. [potion of mutation]
 53812 | Vaults:1 | Gained mutation: You are strong-willed. (Will+) [potion of
                  | mutation]
 53812 | Vaults:1 | Gained mutation: You are highly strong-willed. (Will++)
                  | [potion of mutation]
 53813 | Vaults:1 | Lost mutation: Your body sometimes deteriorates upon taking
                  | damage. [potion of mutation]
 53813 | Vaults:1 | Lost mutation: You are highly strong-willed. (Will++)
                  | [potion of mutation]
 53813 | Vaults:1 | Lost mutation: You possess an exceptional clarity of mind.
                  | [potion of mutation]
 53813 | Vaults:1 | Lost mutation: You have a pair of small horns on your head.
                  | [potion of mutation]
 53813 | Vaults:1 | Gained mutation: You sometimes lose your temper in combat.
                  | [potion of mutation]
 53813 | Vaults:1 | Gained mutation: Your flesh is cold resistant. (rC+)
                  | [potion of mutation]
 53950 | Vaults:1 | Reached XP level 21. HP: 159/159 MP: 27/35
 53998 | Vaults:1 | Found a runed translucent gate.
 53998 | Vaults:1 | Found a runed translucent gate.
 54003 | Vaults:1 | Noticed Kejiv's ghost (adept AtNe)
 54011 | Vaults:1 | Found a runed translucent gate.
 54173 | Vaults:1 | Reached skill level 5 in Shields
 54394 | Vaults:1 | Killed Kejiv's ghost
 54605 | Vaults:1 | Gained mutation: You occasionally shout uncontrollably at
                  | your foes. [mutagenic glow]
 54666 | Vaults:1 | Identified the +3 pair of gloves "Nionid" {Fly rElec rC-}
 54678 | Vaults:1 | Gained mutation: Armour fits poorly on your strangely
                  | shaped body. [mutagenic glow]
 54695 | Vaults:1 | Gained mutation: You have hidden genetic potential.
                  | [mutagenic glow]
 54710 | Vaults:1 | Gained mutation: You frequently scream uncontrollably at
                  | your foes. [mutagenic glow]
 54764 | Vaults:1 | Lost mutation: You are partially covered in iridescent
                  | scales. (AC +2) [potion of mutation]
 54764 | Vaults:1 | Lost mutation: You are strong-willed. (Will+) [potion of
                  | mutation]
 54764 | Vaults:1 | Gained mutation: You occasionally lose the ability to drink
                  | potions when taking damage. [potion of mutation]
 54764 | Vaults:1 | Gained mutation: You sometimes lose the ability to drink
                  | potions when taking damage. [potion of mutation]
 54765 | Vaults:1 | Lost mutation: You sometimes lose your temper in combat.
                  | [potion of mutation]
 54765 | Vaults:1 | Lost mutation: You sometimes lose the ability to drink
                  | potions when taking damage. [potion of mutation]
 54765 | Vaults:1 | Lost mutation: Armour fits poorly on your strangely shaped
                  | body. [potion of mutation]
 54765 | Vaults:1 | Gained mutation: You have a pair of small horns on your
                  | head. [potion of mutation]
 54765 | Vaults:1 | Gained mutation: You are partially covered in iridescent
                  | scales. (AC +2) [potion of mutation]
 54765 | Vaults:1 | Gained mutation: Your flesh is heat resistant. (rF+)
                  | [potion of mutation]
 54766 | Vaults:1 | Lost mutation: You have hidden genetic potential. [potion
                  | of mutation]
 54766 | Vaults:1 | Lost mutation: Your flesh is heat resistant. (rF+) [potion
                  | of mutation]
 54766 | Vaults:1 | Lost mutation: You frequently scream uncontrollably at your
                  | foes. [potion of mutation]
 54766 | Vaults:1 | Gained mutation: Your muscles are strong. (Str +4, Int/Dex
                  | -1) [potion of mutation]
 54766 | Vaults:1 | Gained mutation: You expend magic power (3 MP) to
                  | strengthen your wands. [potion of mutation]
 54766 | Vaults:1 | Lost mutation: You expend magic power (3 MP) to strengthen
                  | your wands. [potion of mutation]
 54767 | Vaults:1 | Lost mutation: You are partially covered in iridescent
                  | scales. (AC +2) [potion of mutation]
 54767 | Vaults:1 | Lost mutation: You have a pair of small horns on your head.
                  | [potion of mutation]
 54767 | Vaults:1 | Lost mutation: Your flesh is cold resistant. (rC+) [potion
                  | of mutation]
 54767 | Vaults:1 | Gained mutation: You are clumsy. (Dex -2) [potion of
                  | mutation]
 54767 | Vaults:1 | Gained mutation: Your mind is acute. (Int +4, Str/Dex -1)
                  | [potion of mutation]
 54767 | Vaults:1 | Gained mutation: Armour fits poorly on your strangely
                  | shaped body. [potion of mutation]
 54767 | Vaults:1 | Gained mutation: You have sharp toenails. [potion of
                  | mutation]
 54768 | Vaults:1 | Lost mutation: You are clumsy. (Dex -2) [potion of
                  | mutation]
 54768 | Vaults:1 | Lost mutation: You occasionally lose the ability to drink
                  | potions when taking damage. [potion of mutation]
 54768 | Vaults:1 | Lost mutation: Your mind is acute. (Int +4, Str/Dex -1)
                  | [potion of mutation]
 54768 | Vaults:1 | Gained mutation: You are partially covered in iridescent
                  | scales. (AC +2) [potion of mutation]
 54769 | Vaults:1 | Lost mutation: Armour fits poorly on your strangely shaped
                  | body. [potion of mutation]
 54769 | Vaults:1 | Lost mutation: You are partially covered in iridescent
                  | scales. (AC +2) [potion of mutation]
 54769 | Vaults:1 | Lost mutation: Your muscles are strong. (Str +4, Int/Dex
                  | -1) [potion of mutation]
 54769 | Vaults:1 | Gained mutation: You are strong-willed. (Will+) [potion of
                  | mutation]
 54769 | Vaults:1 | Gained mutation: You have a pair of small horns on your
                  | head. [potion of mutation]
 54813 | Vaults:1 | Gained mutation: You are weak. (Str -2) [a cacodemon]
 54817 | Vaults:1 | Gained mutation: You are very weak. (Str -4) [a cacodemon]
 55156 | Vaults:2 | Received a gift from Okawaru
 55251 | Vaults:1 | Received a gift from Okawaru
 55891 | Arena    | Entered the Arena
 56250 | Vaults:1 | Received a gift from Okawaru
 56948 | Vaults:2 | Noticed Sojobo
 56959 | Vaults:2 | Paralysed by an air elemental for 1 turns
 56961 | Vaults:2 | Paralysed by an air elemental for 1 turns
 57150 | Vaults:2 | Reached skill level 15 in Throwing
 57196 | Vaults:2 | Noticed a bone dragon
 57227 | Vaults:2 | Killed a bone dragon
 57411 | Vaults:2 | Found a staircase to the Crypt.
 57664 | Vaults:2 | Received a gift from Okawaru
 57739 | Vaults:2 | Noticed Asterion
 57761 | Vaults:2 | Killed Asterion
 58043 | Vaults:2 | Received a gift from Okawaru
 58690 | Vaults:2 | Paralysed by an air elemental for 1 turns
 58703 | Vaults:2 | Paralysed by an air elemental for 1 turns
 58705 | Vaults:2 | Killed Sojobo
 59501 | Vaults:3 | Identified the +1 pair of gloves of Apathy {rF+ Int+3
                  | Dex+2}
 59827 | Vaults:3 | Acquired 834 gold pieces
 59975 | Vaults:3 | Noticed Donald
 59991 | Vaults:3 | Killed Donald
 60530 | Vaults:3 | Learned a level 4 spell: Manifold Assault
 60564 | Vaults:3 | Reached XP level 22. HP: 165/165 MP: 19/36
 61030 | Vaults:4 | Noticed Bai Suzhen
 61053 | Vaults:4 | Killed Bai Suzhen
 61053 | Vaults:4 | Received a gift from Okawaru
 61054 | Vaults:4 | Reached skill level 5 in Translocations
 61163 | Vaults:4 | Found a crumbling gateway.
 61225 | Desolati | Entered the Desolation of Salt
 61373 | Desolati | Got Sif Muna's Atlas of Permutations
 61478 | Desolati | Received a gift from Okawaru
 61493 | Desolati | Identified the +11 dagger of Conformity {antimagic, rC+
                  | Str+4 SInv}
 61751 | Desolati | Identified the staff of conjuration "Tigaokoin" {*Corrode
                  | rElec Int+3}
 61784 | Desolati | Received a gift from Okawaru
 61873 | Desolati | Received a gift from Okawaru
 61932 | Arena    | Entered the Arena
 61954 | Desolati | Received a gift from Okawaru
 62092 | Desolati | Identified the +2 robe of the Crushed Ghosts {Str+7 Int+4}
 62116 | Desolati | Found the +3 Mad Mage's Maulers {Infuse+∞ VampMP -Cast}
 62196 | Desolati | Identified the +1 war axe of Evisceration {venom, Int+3}
 62208 | Desolati | Found the +1 cloak of Starlight {*Dazzle EV+4 Stlth--}
 62335 | Desolati | Identified the +1 spear of Ru's Hope {protect, rN+}
 62341 | Desolati | Got Qaucug's Lectures on Creative Destruction
 62486 | Desolati | Found the +5 robe of Night {Dark Will+ SInv}
 62680 | Vaults:4 | Learned a level 2 spell: Blink
 62690 | Vaults:4 | Learned a level 6 spell: Dispersal
 62902 | Vaults:4 | Received a gift from Okawaru
 62903 | Vaults:4 | Reached skill level 21 in Long Blades
 63015 | Vaults:4 | Noticed a dread lich
 63033 | Vaults:4 | Killed a dread lich
 63033 | Vaults:4 | Received a gift from Okawaru
 63562 | Vaults:4 | Received a gift from Okawaru
 63654 | Vaults:4 | Received a gift from Okawaru
 63730 | Vaults:4 | Mangled by an orc warlord

Illustrated notes

Levels and vault maps discovered:
D:1:      lightli_arrival_lavapool, layout_basic,
          hellmonk_ecumenical_altar_crossroads, minmay_misc_feat_more_columns
D:2:      layout_basic
D:3:      cheibrodos_helix_gallery, layout_loops_corners
D:4:      layout_basic, nicolae_gozag_seed_capital, kennysheep_slug_shrine,
          nemelex_altar_shiori, okawaru_ov_weapons_minmay,
          grunt_dithmenos_smoke, minmay_temple_entry_slanted, serial_glass,
          glass_columns_a, glass_columns_a, minmay_snake_closets,
          uniq_blork_the_orc
D:5:      layout_gridville
D:6:      layout_loops_ring, zin_scriptorium, elyvilon_altar_3,
          vehumet_altar_wand_db
D:7:      layout_cave_pools, minmay_a_box_with_orc_wizards_in_it
D:8:      layout_loops_cross, st_stairs_9, hellmonk_bongcloud_opening
D:9:      layout_cave_pools, lemuel_mausoleum_altar_kikubaaqudgha,
          mainiacjoe_overflow_concentric_impassable,
          nicolae_uskayaw_dance_studio
D:10:     layout_small_grid, erik_lair_island, kennysheep_doodads,
          minmay_strange_pillars, minmay_misc_feat_rugged, st_stairs_13,
          uniq_nergalle
D:11:     layout_loops_cross, enter_trove_6, kennysheep_generic_room_12,
          uniq_fannar, uniq_erolcha
D:12:     layout_loops_ring, orc_0_dummy
D:13:     layout_roguey, david_vaults_4, small_statue_intersection,
          lemuel_another_geyser
D:14:     layout_loops_ring, hangedman_decor_diamond_cutter
D:15:     gammafunk_enter_depths_forms, layout_cave_pools,
          amcnicky_mini_pool_small, corexii_checkpoint_b
Lair:1:   layout_regular_city, grunt_megastairs_3
Lair:2:   minmay_lair_oklob_tunnel, layout_gridlike, serial_bayou_pond_d,
          minivault_26, dreamdust_wasp_nest, lemuel_fruit_tree
Lair:3:   layout_gridlike, swamp_mist, nicolae_snake_entry_squirm,
          pdpol_lair_cavern_descent, uniq_gastronok, uniq_sonja
Lair:4:   gammafunk_indiana_jones, layout_regular_city, dpeg_slime_entry_corner,
          serial_bayou_shore_a
Lair:5:   hangedman_lair_caniforms_friends, layout_hall_layers,
          guppyfry_lair_end_dragon, uniq_kirke
Swamp:1:  layout_basic_swamp, evilmike_swamp_ruin_rubble_2, swamp_pool3,
          nicolae_swamp_godswood, uniq_frances, uniq_nikola
Swamp:2:  layout_basic_swamp, serial_swamp_ruin, evilmike_swamp_ruin_house_4,
          evilmike_swamp_ruin_house_6
Swamp:3:  layout_basic_swamp, hangedman_swamp_pad, swamp_pool5,
          nzn_swamp_weyward_sisters
Swamp:4:  nzn_swamp_witches_coven, layout_basic_swamp,
          nicolae_swamp_necromancer_hut
Snake:1:  layout_onion, nicolae_snake_coiling_death, grunt_megastairs_2
Snake:2:  layout_misc_corridors, nicolae_triple_integral, minmay_shop_star,
          uniq_vashnia
Snake:3:  layout_misc_corridors, nicolae_snake_snakes_in_the_grass,
          serial_bayou_shore_b, grunt_megastairs_5, uniq_aizul
Snake:4:  johnstein_snake_rune_scales, layout_rooms
Orc:1:    layout_caves
Orc:2:    pubby_orc_utopia
Elf:1:    layout_loops_corners, serial_shops, nicolae_shop_rolled_up,
          hangedman_elf_represent, drop_trap
Elf:2:    nicolae_elf_blades_crystal_corner, layout_geoelf_octagon,
          portal_ice_cave_entry_dragon, lemuel_elevator
Elf:3:    grunt_elf_hall_asides, layout_loops_corners, gammafunk_ghost_ooze,
          st_stairs_2, dk_noncrumbling_2
Vaults:1: ploomutoo_gammafunk_ghost_potion_laboratory, v_misc_23,
          nicolae_vaults_trapezoid_1, nicolae_vaults_little_squares_6,
          v_pattern_1, hangedman_vaults_stagger, ontoclasm_vaults_shuriken,
          nicolae_vaults_tetromino_T_2, nicolae_vaults_asterisk,
          nicolae_vaults_three_branches, v_misc_18, nicolae_vaults_house_1,
          layout_vaults_big_room
Vaults:2: sword_in_stone, v_rooms_1, v_misc_9, v_alt_pattern_6,
          nicolae_vaults_trapezoid_3, minmay_crypt_entry_nasty_monster,
          ontoclasm_vaults_hangar, v_misc_2, vaults_dpeg_encased_lava,
          v_misc_22, layout_vaults_maze_bifur, uniq_sojobo
Vaults:3: v_rooms_5, nicolae_vaults_rhombus_6, nicolae_vaults_alarming,
          layout_vaults_omnigrid, uniq_donald
Vaults:4: portal_desolation_entry_salt, v_alt_pattern_6,
          ontoclasm_vaults_bender, nicolae_vaults_murder_corner,
          nicolae_vaults_stepped_doors, nicolae_vaults_back_hallway,
          nicolae_vaults_apartment_2, grunt_vaults_swirl,
          vaults_room_large_hall, v_misc_18,
          nicolae_vaults_variable_pillar_hall, nicolae_vaults_trapezoid_1,
          nicolae_vaults_bisected_exclaves, nicolae_vaults_little_squares_5,
          nicolae_vaults_surprise_closet, layout_vaults_ring, uniq_bai_suzhen

Skill      XL: |  1  2  3  4  5  6  7  8  9 10 11 12 13 14 15 16 17 18 19 20 21 22 |
---------------+-------------------------------------------------------------------+-----
Ice Magic      | 5 6 7 8 10 | 10.0
Stealth        | 2 3 4 5 |  5.0
Fighting       | 1 2 3 4 6 10 12 13 | 13.2
Spellcasting   | 3 4 5 7 8 9 10 | 10.0
Throwing       | 1 2 3 4 8 9 11 12 13 16 | 16.7
Long Blades    | 1 3 5 8 12 14 15 16 17 20 21 | 21.1
Evocations     | 2 3 4 5 6 |  6.5
Armour         | 1 6 10 12 | 12.0
Invocations    | 4 7 10 11 12 | 12.0
Translocations | 3 4 9 |  9.2
Dodging        | 4 6 10 11 12 13 14 | 14.5
Transmutations | 1 6 8 10 12 | 12.0
Earth Magic    | 1 5 8 10 12 | 12.0
Shields        | 4 9 |  9.3

Action                     |  1- 3 |  4- 6 |  7- 9 | 10-12 | 13-15 | 16-18 | 19-21 | 22-24 || total
---------------------------+-------+-------+-------+-------+-------+-------+-------+-------++-------
  Melee: Whip              |     7 |       |       |       |       |       |       |       ||     7
         Dagger            |     1 |    15 |       |       |       |       |       |       ||    16
         Hand axe          |       |     4 |       |       |       |       |       |       ||     4
         Unarmed           |       |     2 |       |       |       |       |       |       ||     2
         Long sword        |       |       |    83 |   397 |   836 |       |       |       ||  1316
         Punch             |       |       |     4 |     6 |       |       |       |       ||    10
         Short sword       |       |       |       |     4 |       |       |       |       ||     4
         Scimitar          |       |       |       |       |   466 |  1353 |  1860 |       ||  3679
         Bite              |       |       |       |       |    86 |   213 |   195 |       ||   494
         Kick              |       |       |       |       |       |       |   230 |    77 ||   307
         Headbutt          |       |       |       |       |       |       |   173 |    92 ||   265
         Triple sword      |       |       |       |       |       |       |     7 |   652 ||   659
   Fire: Sling             |    15 |    84 |    37 |       |       |       |       |       ||   136
  Throw: Dart              |    21 |     2 |     1 |     8 |    14 |    14 |    10 |       ||    70
         Boomerang         |       |     6 |    54 |    54 |    32 |    22 |     7 |       ||   175
         Javelin           |       |       |     1 |       |    46 |    46 |    87 |       ||   180
   Cast: Freeze            |    40 |    33 |    41 |    33 |    20 |       |       |       ||   167
         Frozen Ramparts   |       |    19 |    38 |    58 |    99 |   139 |    50 |     6 ||   409
         Ozocubu's Armour  |       |    13 |    33 |    51 |    65 |    92 |    15 |     2 ||   271
         Lesser Beckoning  |       |       |       |       |       |    88 |    74 |    11 ||   173
         Statue Form       |       |       |       |       |       |    15 |   101 |    15 ||   131
         Lee's Rapid Decon |       |       |       |       |       |     1 |       |       ||     1
         Manifold Assault  |       |       |       |       |       |       |     3 |   161 ||   164
 Invoke: Heroism           |       |       |       |       |     7 |     1 |    10 |     1 ||    19
         Finesse           |       |       |       |       |       |     2 |    10 |     1 ||    13
         Duel              |       |       |       |       |       |     1 |     3 |     1 ||     5
Ability: Hop               |     2 |       |     3 |     5 |     5 |    11 |     9 |       ||    35
         End Transformatio |       |       |       |       |       |       |     1 |       ||     1
  Evoke: Wand              |       |       |    28 |    31 |    10 |    27 |    19 |       ||   115
         Phial of floods   |       |       |       |       |     1 |     1 |     2 |       ||     4
         Lightning rod     |       |       |       |       |       |    12 |     3 |       ||    15
    Use: Scroll            |     1 |     7 |     2 |     6 |    14 |    10 |    27 |     3 ||    70
         Potion            |       |     2 |     2 |     1 |     7 |     7 |    19 |     2 ||    40
   Stab: Sleeping          |       |       |       |     5 |     5 |     2 |     1 |     1 ||    14
         Paralysed         |       |       |       |     3 |       |       |       |       ||     3
         Distracted        |       |       |       |     6 |    12 |       |       |       ||    18
         Invisible         |       |       |       |       |     1 |       |     2 |     3 ||     6
 Armour: Robe              |    10 |    19 |    29 |       |       |       |       |       ||    58
         Skin              |       |     9 |       |       |       |    54 |  1181 |   120 ||  1364
         Troll leather arm |       |       |    51 |   195 |   430 |   357 |   117 |    27 ||  1177
  Dodge: Dodged            |    27 |    40 |   101 |   263 |   906 |   919 |  2440 |   561 ||  5257
  Block: Buckler           |       |       |       |    27 |   487 |   576 |   906 |       ||  1996
         Reflection        |       |       |       |       |    17 |    51 |    29 |     1 ||    98
         Other             |       |       |       |       |       |       |     1 |     9 ||    10

Table legend: (Time is in decaauts)
 A = Elapsed time spent in this place.
 B = Non-inter-level travel time spent in this place.
 C = Inter-level travel time spent in this place.
 D = Time resting spent in this place.
 E = Time spent auto-exploring this place.
 F = Levels seen in this place.
 G = Mean time per level.
                   A        B        C        D        E       F      G
               +--------+--------+--------+--------+--------+-----+--------+
         Total |  71990 |  66695 |   5295 |  21463 |  23534 |  44 | 1636.1 |
       Dungeon |  21870 |  19575 |   2295 |   4684 |   9319 |  15 | 1458.0 |
          Lair |   9140 |   8005 |   1135 |   1672 |   3995 |   5 | 1828.0 |
         Swamp |   6525 |   6353 |    172 |   2378 |   1417 |   4 | 1631.2 |
     Snake Pit |   8023 |   7643 |    380 |   2763 |   2227 |   4 | 2005.8 |
  Orcish Mines |   3924 |   3302 |    622 |    890 |    822 |   2 | 1962.0 |
   Elven Halls |   6229 |   5858 |    371 |   1956 |   2156 |   3 | 2076.3 |
        Vaults |  11683 |  11366 |    317 |   4680 |   3227 |   4 | 2920.8 |
      Ice Cave |   2795 |   2795 |      0 |   1898 |     15 |   1 | 2795.0 |
    Desolation |   1676 |   1676 |      0 |    500 |    354 |   1 | 1676.0 |
         Arena |    121 |    121 |      0 |     38 |      0 |   5 |   24.2 |
               +--------+--------+--------+--------+--------+-----+--------+

Top non-repeatable levels by time:
Vaults:1: 4873 daAuts
   Elf:3: 4079 daAuts
Vaults:2: 3017 daAuts
   Orc:2: 2984 daAuts
   IceCv: 2795 daAuts
    D:13: 2679 daAuts
  Lair:5: 2671 daAuts
 Snake:4: 2454 daAuts
 Snake:3: 2433 daAuts
     D:6: 2313 daAuts
Vaults:3: 2289 daAuts
 Swamp:3: 2288 daAuts
     D:4: 2166 daAuts
  Lair:3: 2096 daAuts
  Lair:2: 1932 daAuts
